AoeStats
← HR Pinkman

Arabia

508402914Analyzed
1v1 RM · 9d ago on Sep 22, 2026· 47m 35s· 2 players
Game mode
Random Map
Map size
Tiny (2 player)
Population
200
Speed
Normal
Resources
Standard
Victory
Conquest
Starting age
Dark Age
Ending age
Imperial Age
RankedLock teamsTeams togetherTeam positionsShared explorationLock speedFull tech treeHidden civsTurbo modeCheats
Victory
Defeat
🇨🇱 Burmese · Chile
2171
+9
🇦🇷 Malians · Argentina
2019
-9
[AirBo]空氣包
6:14 Loom
10:01 Feudal Age
10:36 Double-Bit Axe
12:13 Fletching
12:38 Town Watch
14:01 Padded Archer Armor
15:40 Wheelbarrow
22:13 Castle Age
22:00 Horse Collar
22:10 Gold Mining
22:16 Crossbowman
22:58 Bodkin Arrow
31:37 Ballistics
32:35 Bow Saw
39:41 Imperial Age
38:34 Thumb Ring
41:30 Chemistry
40:51 Hand Cart
42:05 Masonry
41:28 Arbalester
47:12 Scale Barding Armor
47:17 Murder Holes
47:25 Heavy Camel Rider
48:15 Bloodlines
48:06 Husbandry
HR Pinkman
6:32 Loom
9:25 Feudal Age
10:02 Man-at-Arms
13:20 Fletching
20:18 Castle Age
18:06 Horse Collar
19:09 Padded Archer Armor
20:55 Bodkin Arrow
20:24 Crossbowman
30:08 Wheelbarrow
31:53 Stone Mining
32:22 Hand Cart
39:38 Imperial Age
38:06 Bloodlines
39:15 Husbandry
41:15 Scale Barding Armor
41:21 Forging
40:32 Light Cavalry
41:56 Masonry
42:06 Ballistics
44:11 Howdah
44:13 Manipur Cavalry
44:39 Chain Barding Armor
44:18 Hussar
45:06 Hussar
46:30 Plate Barding Armor
Connection lost

Rejoining the realm…

Still unreachable

The connection could not be restored.

Session expired

The server has moved on; the page needs a fresh start.